 Dungeon Crawl Stone Soup version 0.20.1-1-g8b1a95d (webtiles) character file.

139 Harlock the Charlatan (level 5, 0/41 HPs)
             Began as a Draconian Artificer on Aug 29, 2017.
             Slain by an ogre
             ... wielding a +0 giant club
              (21 damage)
             ... on level 3 of the Dungeon.
             The game lasted 00:09:16 (2717 turns).

Harlock the Charlatan (Draconian Artificer)         Turns: 2717, Time: 00:09:16

Health: 0/41       AC:  5    Str: 15    XL:     5   Next: 1%
Magic:  8/8        EV: 12    Int: 12    God:
Gold:   115        SH:  0    Dex: 11    Spells: 4/4 levels left

rFire    . . .     SeeInvis .   n - +3 short sword (venom)
rCold    . . .     Gourm    .   (no shield)
rNeg     . . .     Faith    .   (armour unavailable)
rPois    .         Spirit   .   (helmet restricted)
rElec    .         Reflect  .   (no cloak)
rCorr    .         Harm     .   (no gloves)
MR       .....                  (no boots)
Stlth    ++........             (no amulet)
Regen    0.2/turn               (no ring)
MPRegen  0.2/turn               (no ring)

@: no status effects
A: unfitting armour, cold-blooded, AC +5
a: no special abilities


You were on level 3 of the Dungeon.
You were not hungry.

You visited 1 branch of the dungeon, and saw 3 of its levels.

You collected 115 gold pieces.

Inventory:

Hand Weapons
 a - a +0 short sword
 n - a +3 short sword of venom (weapon)
 y - a +2 short sword of electrocution
Armour
 h - a +1 pair of gloves
 t - a +0 buckler
Jewellery
 p - an uncursed amulet of magic regeneration {unknown}
Wands
 b - a wand of flame (15/48)
 c - a wand of enslavement (15/24)
 d - a wand of random effects (15/48)
Scrolls
 i - a scroll of magic mapping {unknown}
 j - a scroll of remove curse
 l - a scroll of teleportation
 o - a scroll of enchant weapon
 v - a scroll of fear {unknown}
 w - a scroll of enchant armour {unknown}
Potions
 e - 2 potions of cancellation
 g - 4 potions of curing
 k - a potion of heal wounds
 q - a potion of resistance {unknown}
 r - a potion of berserk rage {unknown}
 s - 2 potions of flight {unknown}
 u - a potion of magic {unknown}
 z - a potion of haste {unknown}
Books
 x - a book of Changes

   Spells                             Type                      Level
   a - Beastly Appendage              Transmutation                1
   b - Sticks to Snakes               Transmutation                2
   c - Spider Form                    Transmutation/Poison         3
   d - Ice Form                       Ice/Transmutation            4
   e - Blade Hands                    Transmutation                5
Comestibles
 f - a bread ration
 m - a royal jelly


   Skills:
 + Level 1.8 Fighting
 + Level 2.7 Short Blades
 + Level 2.3 Dodging
 + Level 2.0 Stealth
 + Level 4.0 Evocations


You had 4 spell levels left.
You didn't know any spells.

Dungeon Overview and Level Annotations

Branches:
Dungeon (3/15)

Altars:
Elyvilon


Innate Abilities, Weirdness & Mutations

Your plain brown scales are hard. (AC +5)
You cannot fit into any form of body armour.
You are cold-blooded and may be slowed by cold attacks.


Message History

You hit the adder.
The adder is severely wounded.
The adder bites you. The adder bites you but does no damage.
You closely miss the adder.
The adder is severely wounded.
The adder bites you but does no damage.
You hit the adder.
The adder is poisoned.
The adder is almost dead.
You kill the adder!
You have reached level 5!
You see here a club.
There is a stone staircase leading down here.
An ogre comes into view. It is wielding a giant club.
The ogre shouts!
You barely miss the ogre. The ogre hits you with a giant club!!
You hit the ogre.
The ogre is poisoned.
The ogre is lightly wounded.
The ogre hits you with a giant club!!
Ouch! That really hurt!
You die...

#.# .# #.# .# #.#
##############.#
...............#
.).###############
..........>......#
.....###########.#
.....#.......).#@#
.....#.#######.#O#
.....#.#<..^.#.#.#
.....#.......#.#.#
.............#.#.#
...............#..
....#...(....#####
....#........#
###.##########


You could see an ogre.

Vanquished Creatures
  4 gnolls (D:3)
  4 adders
  An ooze (D:3)
  3 dart slugs (D:1)
  3 orcs (D:3)
  A ball python (D:3)
  7 bats
  2 giant cockroaches (D:1)
  3 goblins
  5 hobgoblins
  2 quokkas
  3 frilled lizards
  6 kobolds
  14 rats
58 creatures vanquished.

Notes
Turn   | Place    | Note
-------+----------+-------------------------------------------
     0 | D:1      | Harlock the Draconian Artificer began the quest for the Orb.
     0 | D:1      | Reached XP level 1. HP: 16/16 MP: 3/3
   140 | D:1      | Reached XP level 2. HP: 21/23 MP: 4/4
   781 | D:2      | Found a white marble altar of Elyvilon.
   981 | D:2      | Reached XP level 3. HP: 25/28 MP: 5/5
  1165 | D:2      | Reached skill level 1 in Stealth
  1783 | D:3      | Reached XP level 4. HP: 35/35 MP: 6/6
  1919 | D:3      | Reached skill level 4 in Evocations
  1976 | D:3      | HP: 1/36 [gnoll/halberd (7)]
  2639 | D:3      | Reached XP level 5. HP: 39/41 MP: 8/8
  2712 | D:3      | Noticed an ogre
  2717 | D:3      | Slain by an ogre

Skill      XL: |  1  2  3  4 |
---------------+-------------+-----
Dodging        | 2 |  2.3
Stealth        | 1 2 |  2.0
Short Blades   | 2 |  2.7
Evocations     | 4 |  4.0
Fighting       | |  1.8

Action                   |  1- 3 |  4- 6 || total
-------------------------+-------+-------++-------
Melee: Short sword       |    99 |    41 ||   140
       Tailslap          |     7 |     7 ||    14
  Use: Scroll            |       |     6 ||     6
       Potion            |       |     1 ||     1
 Stab: Sleeping          |     3 |       ||     3
  Eat: Chunk             |     2 |     2 ||     4
       Meat ration       |       |     1 ||     1
Armor: Skin              |    24 |     7 ||    31
Dodge: Dodged            |    54 |    22 ||    76
